 Dungeon Crawl Stone Soup version 0.20.0-8-g6b59dc7 (webtiles) character file.

2251 anfisbena the Covert (level 9, -9/45 HPs)
             Began as a Vine Stalker Fighter on May 31, 2017.
             Was a High Priest of Uskayaw.
             Killed by divine providence
             ... invoked by an orc priest
              (12 damage)
             ... on level 6 of the Dungeon.
             The game lasted 00:09:24 (4827 turns).

anfisbena the Covert (Vine Stalker Fighter)         Turns: 4827, Time: 00:09:24

Health: -9/45      AC: 15    Str: 27    XL:     9   Next: 37%
Magic:  0/16       EV:  4    Int:  8    God:    Uskayaw [*****.]
Gold:   188        SH: 10    Dex: 22    Spells: 8/8 levels left

rFire    . . .     SeeInvis .   k - +0 dagger (speed)
rCold    . . .     Gourm    .   c - +0 shield
rNeg     . . .     Faith    .   J - +0 plate armour
rPois    .         Spirit   +   y - +1 helmet
rElec    .         Reflect  .   G - scarf {repulsion}
rCorr    .         Harm     .   A - +0 pair of gloves
MR       +....                  I - +0 pair of boots
Stlth    ..........             (no amulet)
Regen    0.6/turn               z - +3 ring of strength
MPRegen  0.2/turn               F - +5 ring of dexterity

@: mighty, repel missiles
A: fangs 3, regeneration 1, magic shield, antimagic bite, no potion heal 3, rot
immunity
a: Stomp, Line Pass, Grand Finale, Renounce Religion


You were on level 6 of the Dungeon.
You worshipped Uskayaw.
Uskayaw was aware of your devotion.
You were not hungry.

You visited 1 branch of the dungeon, and saw 6 of its levels.

You collected 188 gold pieces.

Inventory:

Hand Weapons
 a - a +0 long sword
 k - a +0 dagger of speed (weapon)
Armour
 c - a +0 shield (worn)
 y - a +1 helmet (worn)
 A - a +0 pair of gloves (worn)
 G - a scarf of repulsion (worn)
 I - a +0 pair of boots (worn)
 J - a +0 plate armour (worn)
Jewellery
 z - a +3 ring of strength (left hand)
 C - an uncursed ring of flight
 F - a +5 ring of dexterity (right hand)
Scrolls
 b - a scroll of noise {unknown}
 h - a scroll of enchant armour {unknown}
 j - a scroll of enchant weapon {unknown}
 l - a scroll of magic mapping {unknown}
 o - 3 scrolls of immolation {unknown}
 p - a scroll of recharging {unknown}
 q - 5 scrolls of identify {unknown}
 r - 2 scrolls of remove curse {unknown}
 t - 2 scrolls of teleportation {unknown}
 w - a scroll of fog {unknown}
 K - a scroll of fear {unknown}
 L - 3 scrolls of blinking {unknown}
Potions
 d - 2 potions of might
 e - 2 potions of curing
 i - 3 potions of brilliance {unknown}
 m - a potion of heal wounds
 n - a potion of resistance {unknown}
 s - a potion of agility {unknown}
 v - a potion of ambrosia {unknown}
 x - 2 potions of mutation {unknown}
 D - 2 potions of berserk rage {unknown}
 E - a potion of lignification {unknown}
 H - a potion of flight {unknown}
Comestibles
 f - 4 bread rations
 g - 3 meat rations
 u - 2 royal jellies
 B - 3 chunks of flesh


   Skills:
 - Level 4.2 Fighting
 - Level 3.3 Long Blades
 - Level 2.4 Armour
 - Level 10.0 Stealth
 - Level 2.6 Shields
 + Level 8.0 Invocations


You had 8 spell levels left.
You didn't know any spells.

Dungeon Overview and Level Annotations

Branches:
Dungeon (6/15)
 Temple: D:4-7

Altars:
Elyvilon
Gozag
Nemelex Xobeh
Qazlal
Trog
Uskayaw

Annotations:
D:6 Dowan, Grinder


Innate Abilities, Weirdness & Mutations

You have razor-sharp teeth.
Your natural rate of healing is unusually fast.
When hurt, damage is shared between your health and your magic reserves.
Your bite disrupts and absorbs the magic of your enemies.
Potions cannot restore your health.
You are immune to rotting.


Message History

You feel sick.
Dowan mumbles some strange words.
Dowan blinks!
You puncture the hound! Your bite misses the hound.
The hound is severely wounded.
* * * LOW HITPOINT WARNING * * *
You feel sick. You block the hound's attack.
You can now merge with and destroy a victim.
You puncture the hound!
You kill the hound!
Your Invocations skill increases to level 8!
* * * LOW HITPOINT WARNING * * *
You feel sick.
The orc priest invokes the aid of Beogh against you.
Beogh smites you!
* * * LOW HITPOINT WARNING * * *
Your system rejects the healing.
You feel better.
The orc priest calls down the wrath of Beogh upon you.
Beogh smites you!
You die...

......... .. .. ...#
#......##.#.. ..?.##
#......#... .....
.########.#.# ..#...
......)).eo.##.##
#....!.
#####)...........#.#$>..
#<[.#.########.....###
#.###)# #...... ...# #@#
#...?.#.. ##### #.#
#..##.... #.# # ##...
### #... ####


You could see Dowan and an orc priest.

Vanquished Creatures
  Sigmund (D:4)
  5 yaks (D:5)
  Eustachio (D:6)
  Duvessa (D:6)
  4 ogres
  A centaur (D:5)
  A scorpion (D:5)
  A howler monkey (D:5)
  A crimson imp (D:6)
  2 hounds
  2 orc wizards
  A centaur skeleton (D:5)
  An iguana (D:5)
  4 worker ants
  2 hound skeletons
  Robin (D:2)
  13 adders
  An adder skeleton (D:4)
  2 worms (D:2)
  3 dart slugs
  7 leopard geckos
  11 orcs
  10 bats
  10 giant cockroaches
  15 goblins
  15 hobgoblins
  13 jackals
  5 kobolds
  3 quokkas
  2 ball pythons
  6 frilled lizards
  8 rats
153 creatures vanquished.

Notes
Turn   | Place    | Note
-------+----------+-------------------------------------------
     0 | D:1      | anfisbena the Vine Stalker Fighter began the quest for the Orb.
     0 | D:1      | Reached XP level 1. HP: 11/11 MP: 2/2
    37 | D:1      | Reached XP level 2. HP: 13/16 MP: 3/3
   225 | D:1      | Reached XP level 3. HP: 5/20 MP: 4/4
   646 | D:1      | Reached skill level 1 in Stealth
  1021 | D:2      | Noticed Robin
  1078 | D:2      | Gained mutation: Your natural rate of healing is unusually fast. [Vine Stalker growth]
  1078 | D:2      | Reached XP level 4. HP: 8/24 MP: 5/5
  1079 | D:2      | Reached skill level 2 in Stealth
  1124 | D:2      | Killed Robin
  1574 | D:2      | Found a stormy altar of Qazlal.
  1638 | D:2      | Reached XP level 5. HP: 28/28 MP: 6/6
  1981 | D:3      | Reached skill level 3 in Stealth
  2691 | D:4      | Found a hide-covered altar of Uskayaw.
  2751 | D:4      | Found an opulent altar of Gozag.
  2755 | D:4      | Found a sparkling altar of Nemelex Xobeh.
  2755 | D:4      | Found a white marble altar of Elyvilon.
  2759 | D:4      | Became a worshipper of Uskayaw the Reveler
  2785 | D:4      | Reached * piety under Uskayaw
  2798 | D:4      | Reached ** piety under Uskayaw
  3089 | D:4      | Reached skill level 1 in Invocations
  3089 | D:4      | Reached XP level 6. HP: 19/33 MP: 7/7
  3137 | D:4      | Found a bloodstained altar of Trog.
  3148 | D:4      | Reached skill level 4 in Stealth
  3210 | D:4      | Noticed Sigmund
  3223 | D:4      | Reached *** piety under Uskayaw
  3224 | D:4      | Killed Sigmund
  3224 | D:4      | Reached skill level 5 in Stealth
  3224 | D:4      | Reached XP level 7. HP: 37/37 MP: 8/10
  3397 | D:5      | Entered Level 5 of the Dungeon
  3585 | D:4      | Reached skill level 6 in Stealth
  3879 | D:5      | Reached skill level 7 in Stealth
  3965 | D:5      | Gained mutation: You have razor-sharp teeth. [Vine Stalker growth]
  3965 | D:5      | Reached XP level 8. HP: 42/42 MP: 12/12
  4118 | D:5      | Noticed a yak
  4119 | D:5      | Noticed a yak
  4121 | D:5      | Noticed a yak
  4121 | D:5      | Noticed a yak
  4122 | D:5      | Noticed a yak
  4122 | D:5      | Noticed a yak
  4182 | D:5      | Killed a yak
  4182 | D:5      | Reached skill level 5 in Invocations
  4186 | D:5      | Reached **** piety under Uskayaw
  4190 | D:5      | Killed a yak
  4190 | D:5      | Reached skill level 8 in Stealth
  4190 | D:5      | Killed a yak
  4197 | D:5      | Reached ***** piety under Uskayaw
  4199 | D:5      | Killed a yak
  4199 | D:5      | Reached skill level 9 in Stealth
  4203 | D:5      | Killed a yak
  4203 | D:5      | Reached XP level 9. HP: 32/45 MP: 13/15
  4731 | D:6      | Noticed Grinder
  4744 | D:5      | Reached skill level 10 in Stealth
  4780 | D:6      | Noticed Eustachio
  4796 | D:6      | Killed Eustachio
  4797 | D:6      | Noticed Duvessa
  4800 | D:6      | Noticed Dowan
  4824 | D:6      | Killed Duvessa
  4827 | D:6      | Killed from afar by an orc priest

Skill      XL: |  1  2  3  4  5  6  7  8  9 |
---------------+----------------------------+-----
Long Blades    | 2 3 |  3.3
Fighting       | 3 4 |  4.2
Stealth        | 1 2 3 5 7 9 10 | 10.0
Invocations    | 1 2 4 6 8 |  8.0
Armour         | |  2.4
Shields        | |  2.6

Action                   |  1- 3 |  4- 6 |  7- 9 || total
-------------------------+-------+-------+-------++-------
Melee: Long sword        |    64 |       |       ||    64
       Bite              |    35 |   101 |   135 ||   271
       Dagger            |    75 |   320 |   235 ||   630
  Use: Potion            |       |       |     4 ||     4
 Stab: Paralysed         |       |     1 |     6 ||     7
  Eat: Chunk             |     1 |     7 |     5 ||    13
Armor: Scale mail        |    72 |    84 |    11 ||   167
       Plate armour      |       |       |    72 ||    72
Dodge: Dodged            |    41 |    60 |    28 ||   129
       Deflected         |       |       |     1 ||     1
Block: Shield            |    73 |   103 |    73 ||   249
       Rpst.: Long sword |     9 |       |       ||     9
